 Dungeon Crawl Stone Soup version 0.28.0-53-g5a82cb258f (webtiles) character file.

Game seed: 5277470038700769253

1345 DildoBatman the Magician (level 8, -5/56 HPs)
             Began as a Formicid Conjurer on June 30, 2022.
             Was an Initiate of Kikubaaqudgha.
             Slain by a steam dragon (6 damage)
             ... on level 7 of the Dungeon.
             The game lasted 00:15:55 (6708 turns).

DildoBatman the Magician (Formicid Conjurer)        Turns: 6708, Time: 00:15:55

Health: -5/56      AC:  3    Str: 11    XL:     8   Next: 94%
Magic:  16/18      EV: 12    Int: 19    God:    Kikubaaqudgha [......]
Gold:   301        SH:  0    Dex: 22    Spells: 15/21 levels left

rFire   . . .      SeeInvis +   a - +8 flail "Ymyas" {freeze, *Rage Dex+5}
rCold   . . .      Faith    +   (no shield)
rNeg    . . .      Spirit   .   A - +0 robe
rPois   .          Reflect  .   (helmet unavailable)
rElec   .          Harm     .   x - +0 cloak
rCorr   .          Rampage  .   (no gloves)
Will    .....                   (no boots)
Stlth   +++.......              g - amulet of faith
HPRegen 0.18/turn               H - +6 ring of dexterity
MPRegen 0.16/turn               (no ring)

@: no status effects
A: permanent stasis, dig shafts and tunnels, antennae 3, four strong arms
a: Dig, Shaft Self, Renounce Religion


You were on level 7 of the Dungeon.
You worshipped Kikubaaqudgha.
Kikubaaqudgha was noncommittal.
You visited 2 branches of the dungeon, and saw 8 of its levels.

You collected 301 gold pieces.

Inventory:

Hand Weapons
 a - the +8 flail "Ymyas" (weapon) {freeze, *Rage Dex+5}
   (You found it on level 6 of the Dungeon)

   It freezes those it strikes, dealing additional cold damage.
   It can also slow down cold-blooded creatures.
   Dex:       It affects your dexterity (+5).
   *Rage:     It berserks you when you make melee attacks (+20% chance).
 b - a +0 hunting sling
 d - a +0 falchion
Missiles
 h - 2 throwing nets
 i - 10 bolts
 k - 4 poisoned darts
 m - 60 sling bullets
 o - 29 arrows
 t - 127 stones
 C - 2 boomerangs of dispersal
Armour
 x - a +0 cloak (worn)
 A - a +0 robe (worn)
Jewellery
 g - an amulet of faith (around neck)
 H - a +6 ring of dexterity (left hand)
Wands
 F - a wand of flame (14)
 G - a wand of polymorph (11)
Scrolls
 c - 2 scrolls of enchant weapon
 l - a scroll of vulnerability {unknown}
 p - a scroll of summoning {unknown}
 s - 4 scrolls of torment {unknown}
 u - a scroll of blinking {unknown}
 w - a scroll of enchant armour {unknown}
 y - a scroll of holy word {unknown}
 z - 2 scrolls of identify
 B - 2 scrolls of magic mapping {unknown}
 D - a scroll of amnesia {unknown}
Potions
 e - a potion of ambrosia {unknown}
 f - 3 potions of curing {unknown}
 j - 2 potions of haste {unknown}
 n - a potion of resistance {unknown}
 q - 2 potions of heal wounds {unknown}
 r - a potion of degeneration {unknown}
 v - a potion of cancellation {unknown}
 E - a potion of mutation {unknown}


   Skills:
 - Level 2.0 Fighting
 - Level 2.0 Maces & Flails
 - Level 2.0 Armour
 - Level 1.7 Dodging
 - Level 2.4 Stealth
 - Level 7.0 Spellcasting
 - Level 6.0 Conjurations
 * Level 4.2 Ice Magic


You had 15 spell levels left.
You knew the following spells:

 Your Spells              Type           Power      Damage    Failure   Level
a - Searing Ray           Conj           58%        2d6       1%          2
b - Frozen Ramparts       Ice            44%        1d6       5%          3
c - Magic Dart            Conj           100%       1d8       1%          1

Your spell library contained the following spells:

 Spells                   Type           Power      Damage    Failure   Level
 Dazzling Flash           Conj/Hex       36%        N/A       9%          3
 Animate Skeleton         Necr           12%        N/A       10%         1
 Apportation              Tloc           12%        N/A       10%         1
 Summon Small Mammal      Summ           24%        N/A       10%         1
 Fulminant Prism          Conj/Hex       9%         3d7       28%         4
 Iskenderun's Mystic Bla  Conj/Tloc      18%        2d6       28%         4
 Ice Form                 Ice/Tmut       14%        N/A       38%         4
 Summon Ice Beast         Ice/Summ       14%        N/A       38%         4
 Animate Armour           Summ/Erth      12%        N/A       69%         4
 Olgreb's Toxic Radiance  Pois           6%         N/A       69%         4
 Agony                    Necr           6%         N/A       95%         5
 Blade Hands              Tmut           3%         N/A       95%         5
 Silence                  Hex/Air        3%         N/A       95%         5
 Iron Shot                Conj/Erth      9%         9d3       99%         6
 Ozocubu's Refrigeration  Ice            11%        4d7       100%        7
 Ignition                 Fire           3%         3d4       100%        8


Dungeon Overview and Level Annotations

Branches:
Dungeon (7/15)             Temple (1/1) D:5

Altars:
Ashenzari
Dithmenos
Elyvilon
Fedhas
Kikubaaqudgha
Makhleb
Nemelex Xobeh
Okawaru
Qazlal
Ru
Sif Muna
Trog
Uskayaw
Wu Jian
Xom
Zin
The Shining One


Innate Abilities, Weirdness & Mutations

You cannot be hasted, slowed, berserked, paralysed or teleported.
You can dig through walls and to a lower floor.
You have a pair of large antennae on your head. (SInv)
Your four strong arms can wield two-handed weapons with a shield.


Message History

There is a stone staircase leading up here.
Found a scroll of teleportation.
Found a falchion.
The steam dragon breathes steam at you. The ball of steam hits you!!
You start resting.
A steam dragon is nearby!
You barely miss the steam dragon.
The steam dragon bites you but does no damage.
The steam dragon closely misses you.
Something unseen opens the door.
You completely miss the steam dragon.
The steam dragon bites you but does no damage.
The steam dragon claws you.
Casting: Searing Ray (safe; 1% risk of failure)
Confirm with . or Enter, or press ? or * to list all spells.
Aiming: Searing Ray (safe; 1% risk of failure)
Press: ? - help, Shift-Dir - straight line, f - steam dragon
Aim: a steam dragon (79% to hit)
The searing ray hits the steam dragon!
The steam dragon is moderately wounded. (Press . to maintain the ray.)
The steam dragon breathes steam at you. The ball of steam hits you!
Something shouts, "Back with thee, thou fawning roguish dandiprat!"
The steam dragon bites you! The steam dragon closely misses you.
Casting: Searing Ray (safe; 1% risk of failure)
Confirm with . or Enter, or press ? or * to list all spells.
Aiming: Searing Ray (safe; 1% risk of failure)
Press: ? - help, Shift-Dir - straight line, f/p - steam dragon
Aim: a steam dragon (moderately wounded, catching its breath, 79% to hit)
Okay, then.
You barely miss the steam dragon.
The steam dragon is moderately wounded.
The steam dragon bites you! The steam dragon barely misses you.
The steam dragon bites you.
You die...
Kikubaaqudgha rasps: "You have failed me!
Welcome... death!"

. #..#.# #'##
#.D>.##### ...
#.<.......
#####.#####........#
.)..§..?.§D.######.#
###.§§....###
....§.§##§#
##.#§§§#.# #.$..@D.#
#.#...#.# # ##.##...
... .###.. .... .
... #..#. . ..
#..#.## . ...#.


You could see a steam dragon (catching breath).

Vanquished Creatures
  Grinder (D:4)
  Sigmund (D:2)
  A sky beast (D:5)
  A black bear (D:5)
  A necrophage (D:4)
  An ogre (D:4)
  2 scorpions
  2 howler monkeys
  3 hounds
  2 jellies (D:5)
  A bullfrog skeleton (D:4)
  2 iguanas
  An orc wizard (D:5)
  A hound skeleton (D:4)
  Robin (D:2)
  7 adders
  2 shadow imps
  An ufetubus (D:6)
  2 adder skeletons
  5 worms
  2 dart slugs
  9 orcs
  10 ball pythons
  7 endoplasms
  3 giant cockroaches
  13 goblins
  9 hobgoblins
  3 jackals (D:5)
  3 kobolds
  2 quokkas
  5 bats
  4 frilled lizards
  3 rats
111 creatures vanquished.

Notes
Turn   | Place    | Note
-------+----------+-------------------------------------------
     0 | D:1      | DildoBatman the Formicid Conjurer began the quest for the
                  | Orb.
     0 | D:1      | Reached XP level 1. HP: 13/13 MP: 3/3
   968 | D:2      | Reached XP level 2. HP: 19/19 MP: 3/5
   971 | D:2      | Learned a level 2 spell: Searing Ray
   991 | D:2      | Noticed Sigmund
  1299 | D:2      | Reached XP level 3. HP: 25/25 MP: 0/6
  1409 | D:2      | Reached skill level 1 in Fighting
  1509 | D:2      | Reached skill level 1 in Armour
  1552 | D:2      | Reached XP level 4. HP: 32/32 MP: 7/7
  2324 | D:3      | Reached XP level 5. HP: 38/38 MP: 5/9
  2523 | D:3      | Reached skill level 3 in Spellcasting
  2594 | D:3      | Found a glowing silver altar of Zin.
  2825 | D:4      | Noticed a necrophage
  2832 | D:4      | Killed a necrophage
  2833 | D:4      | Reached skill level 5 in Conjurations
  2833 | D:4      | Reached XP level 6. HP: 35/44 MP: 2/11
  2960 | D:4      | Reached skill level 4 in Spellcasting
  3275 | D:4      | Noticed Grinder
  3440 | D:4      | Noticed an ogre
  3448 | D:4      | Killed an ogre
  3449 | D:4      | Reached XP level 7. HP: 46/50 MP: 6/13
  3667 | D:5      | Entered Level 5 of the Dungeon
  3727 | D:5      | Reached skill level 5 in Spellcasting
  4053 | D:5      | Found a staircase to the Ecumenical Temple.
  4065 | Temple   | Entered the Ecumenical Temple
  4162 | D:5      | Reached skill level 6 in Spellcasting
  4162 | D:5      | Reached XP level 8. HP: 56/56 MP: 12/17
  4356 | D:5      | Learned a level 3 spell: Frozen Ramparts
  4741 | D:5      | Reached skill level 1 in Ice Magic
  4919 | D:6      | Identified the +8 flail "Ymyas" {freeze, *Rage Dex+5}
  5012 | D:6      | Found a faded altar of an unknown god.
  5012 | D:6      | Found a broken altar of Ashenzari.
  5019 | D:6      | Found a sparkling altar of Nemelex Xobeh.
  5021 | D:6      | Found a faded altar of an unknown god.
  5023 | D:6      | Found a hide-covered altar of Uskayaw.
  5780 | D:7      | Noticed a shadow
  5848 | D:7      | Found an ancient bone altar of Kikubaaqudgha.
  5859 | D:7      | Became a worshipper of Kikubaaqudgha
  6160 | D:2      | Killed Sigmund
  6161 | D:2      | Reached skill level 7 in Spellcasting
  6362 | D:2      | Noticed Robin
  6365 | D:2      | Killed Robin
  6594 | D:4      | Killed Grinder
  6708 | D:7      | HP: 1/56 [steam dragon (10)]
  6708 | D:7      | Slain by a steam dragon

Illustrated notes

Levels and vault maps discovered:
D:1:      dpeg_arrival_refuge, layout_basic, serial_curves, eino_curves_01,
          eino_curves_03, minmay_misc_feat_chi, fountainhead,
          skrybe_limestone_x, minmay_crystal_water, minmay_liquid_box
D:2:      layout_basic, minmay_quadrilaterals, uniq_robin, uniq_sigmund
D:3:      layout_loops_ring, mainiacjoe_overflow_catwalk
D:4:      layout_loops_ring, hangedman_decor_points, roderic_serpentine_path,
          minmay_cut_off, uniq_grinder
D:5:      layout_loops_ring, minmay_temple_entry_crystal_x
D:6:      layout_basic, chequers_temple_overflow_minitemple, serial_curves,
          eino_curves_03, eino_curves_03, eino_curves_01, eino_curves_04
D:7:      layout_loops_cross, mainiacjoe_overflow_tiny_flanked,
          nicolae_hepliaklqana_monster_ancestors, serial_shops,
          nicolae_shop_trees, minmay_the_grid_2x2 [minmay_the_grid_doors,
          minmay_the_grid_expand, minmay_the_grid_x,
          minmay_the_grid_prize_inner_circle]
Temple:   nicolae_temple_hex_pool

Skill      XL: |  1  2  3  4  5  6  7  8 |
---------------+-------------------------+-----
Conjurations   | 4 5 6 |  6.0
Fighting       | 1 2 |  2.0
Armour         | 1 2 |  2.0
Spellcasting   | 3 4 6 7 |  7.0
Ice Magic      | 4 |  4.2
Maces & Flails | 2 |  2.0
Dodging        | |  1.7
Stealth        | |  2.4

Action                   |  1- 3 |  4- 6 |  7- 9 || total
-------------------------+-------+-------+-------++-------
Melee: Unarmed           |     8 |       |       ||     8
       Falchion          |       |     7 |    10 ||    17
       Flail             |       |       |     7 ||     7
 Fire: Hunting sling     |    22 |    85 |    34 ||   141
 Cast: Magic Dart        |    28 |    13 |     8 ||    49
       Searing Ray       |     4 |    20 |    27 ||    51
       Frozen Ramparts   |       |       |     2 ||     2
 Abil: Dig               |       |       |     2 ||     2
  Use: Scroll            |       |       |     2 ||     2
Armor: Robe              |    11 |     5 |    10 ||    26
Dodge: Dodged            |    25 |    27 |    44 ||    96
